 Dungeon Sprint DCSS version 0.31-a0-1395-g7c67ea8c80 (webtiles) character file.

Game seed: 12116640079549205303

6246 Groucho the Unseen (level 10, -2/48 HPs)
             Began as a Spriggan Enchanter on Dec 25, 2023.
             Was the Champion of Dithmenos.
             Slain by a demonic crawler (18 damage)
             ... in the Dungeon (Sprint I: "Red Sonja").
             The game lasted 00:07:38 (1084 turns).

Groucho the Unseen (Spriggan Enchanter)             Turns: 1084, Time: 00:07:38

Health: -2/48      AC:  2    Str:  4    XL:     10   Next: 62%
Magic:  16/21      EV: 17    Int: 20    God:    Dithmenos [******]
Gold:   253        SH:  0    Dex: 17    Spells: 6/23 levels left

rFire   + . .        a - +1 dagger
rCold   . . .        (no shield)
rNeg    . . .        b - +0 robe
rPois   .            (helmet restricted)
rElec   .            (no cloak)
rCorr   .            (gloves unavailable)
SInv    +            (boots unavailable)
Will    +....        (no amulet) Stlth *+++++++++
                     q - ring of protection from fire
HPRegen 0.28/turn    (no ring)
MPRegen 0.17/turn

%: no teleportation
@: very slightly contaminated, wreathed by umbra, very quick
A: very small, no large weapons, unfitting armour, see invisible, speed 3
a: Renounce Religion, Shadow Step, Shadow Form


You were in the Dungeon.
You worshipped Dithmenos.
Dithmenos was exalted by your worship.
You visited 1 branch You collected 858 gold pieces.
You spent 605 gold pieces at shops.

Inventory:

Hand Weapons
 a - a +1 dagger (weapon)
Armour
 b - a +0 robe (worn)
Jewellery
 o - an amulet of guardian spirit
 q - a ring of protection from fire (left hand)
Wands
 h - a wand of roots (5)
 i - a wand of mindburst (18)
Scrolls
 j - a scroll of poison {unknown}
 k - a scroll of amnesia {unknown}
 l - a scroll of identify {unknown}
 n - a scroll of summoning {unknown}
 p - a scroll of fear {unknown}
Potions
 c - a potion of invisibility
 d - a potion of curing
 e - a potion of heal wounds
 f - a potion of haste
 g - 2 potions of magic
 m - a potion of attraction {unknown}


   Skills:
 + Level 2.8 Fighting
 - Level 10.0 Short Blades
 - Level 2.6 Dodging
 - Level 15.0 Stealth
 - Level 7.0 Spellcasting
 + Level 8.2 Conjurations
 - Level 14.0 Hexes
 + Level 9.7 Earth Magic
 + Level 11.4 Alchemy


You had 6 spell levels left.
You knew the following spells:

 Your Spells              Type           Power      Damage    Failure   Level
a - Ensorcelled Hibernat  Hex/Ice        70%        N/A       1%          2
b - Confusing Touch       Hex            58%        N/A       1%          3
c - Dazzling Flash        Conj/Hex       100%       N/A       1%          3
d - Petrify               Alch/Erth      49%        N/A       1%          4
e - Irradiate             Conj/Alch      23%        3d19      4%          5

Your spell library contained the following spells:

 Spells                   Type           Power      Damage    Failure   Level
 Sting                    Conj/Alch      100%       1d9       1%          1
 Tukima's Dance           Hex            58%        N/A       1%          3
 Sublimation of Blood     Necr           7%         N/A       14%         2
 Spellforged Servitor     Conj/Summ      11%        N/A       100%        7
 Lehudib's Crystal Spear  Conj/Erth      21%        10d6      100%        8


Dungeon Overview and Level Annotations

Branches:
Dungeon (1/1)

Altars:
Cheibriados
Dithmenos
Elyvilon
Fedhas
Gozag
Hepliaklqana
Kikubaaqudgha
Makhleb
Nemelex Xobeh
Okawaru
Qazlal
Ru
Sif Muna
Trog
Uskayaw
Vehumet
Wu Jian
Xom
Yredelemnul
Zin
The Shining One
Jiyva
Lugonu

Shops:
D !:(*=*(*?*::***[(


Innate Abilities, Weirdness & Mutations

You are very small and have problems with some larger weapons.
You are too small for most types of armour.
You have supernaturally acute eyesight. (SInv)
You cover ground extremely quickly. (Speed+++)


Message History

Aim: a kobold demonologist, wielding a +0 dagger and wearing a +0 robe (umbra, chance to affect: 46%)
The kobold demonologist looks drowsy...
The helpless kobold demonologist fails to defend itself.
You perforate the kobold demonologist like a sieve!!!!
You kill the kobold demonologist!
Dithmenos accepts your kill.
Your Fighting skill increases to level 2!
Your Conjurations skill increases to level 8!
Your Alchemy skill increases to level 11!
Unknown command.
Things that are here:
a +0 dagger; a +0 robe
Things that are here:
a +0 dagger; a +0 robe; a kobold corpse You start resting.
Magic restored.
You open the door. 4 demonic crawlers come into view.
There is an open door here.
The helpless demonic crawler fails to defend itself.
You perforate the demonic crawler like a sieve!!!!
You kill the demonic crawler!
Dithmenos accepts your kill.
The demonic crawler gives a hideous shriek! x2
The demonic crawler hits you. The demonic crawler misses you.
The demonic crawler closely misses you.
Unknown command.
Casting: Ensorcelled Hibernation (safe; 1% risk of failure)
Confirm with . or Enter, or press ? or * to list all spells.
You erupt in a fountain of uncontrolled magic!
The demonic crawler is blasted with magical radiation!!
The demonic crawler is moderately wounded.
The demonic crawler is blasted with magical radiation!!
The demonic crawler gives a hideous shriek!
The demonic crawler is heavily wounded.
You are very lightly contaminated with residual magic.
The demonic crawler hits you. The demonic crawler closely misses you.
The demonic crawler misses you. The demonic crawler hits you! x2
You emit a cloud of dark smoke.
The demonic crawler hits you!!
You die...

#################
#.)'..#__#..'...#
'..#..'..'..#.)§##+#
#####'#__####)§§@ss#
#...#.####).#####s§+
#..##.#~~§.)#..# +##
##'#_.'~~§§.§..#
.'..._#§~~.)#..#
##_.#'##+#####'###
###'#)#.[..###.'.#
###.####'###.###.#
.'...'.....'|∩##.#


You could see 3 demonic crawlers.

Vanquished Creatures
  2 centaur warriors (D)
  A demonic crawler (D)
  Sonja (D)
  A deep troll (D)
  An oklob plant (D)
  2 unseen horrors (D)
  2 kobold demonologists (D)
  A hornet (D)
  Sigmund (D)
  2 glass eyes (D)
  A slime creature (D)
  A yak (D)
  2 redbacks (D)
  An ogre (D)
  7 necrophages (D)
  8 jellies (D)
  Ijyb (D)
35 creatures vanquished.

Notes
Turn   | Place    | Note
-------+----------+-------------------------------------------
     0 | D        | Groucho the Spriggan Enchanter began the quest for the Orb.
     0 | D        | Reached XP level 1. HP: 9/9 MP: 5/5
     2 | D        | Noticed Ijyb
     8 | D        | Killed Ijyb
     9 | D        | Reached skill level 10 in Stealth
     9 | D        | Reached XP level 2. HP: 13/13 MP: 6/6
    12 | D        | Noticed an ogre
    30 | D        | Killed an ogre
    31 | D        | Reached skill level 14 in Stealth
    31 | D        | Reached XP level 3. HP: 16/16 MP: 8/8
    31 | D        | Reached XP level 4. HP: 21/21 MP: 9/9
    34 | D        | Learned a level 2 spell: Ensorcelled Hibernation
    38 | D        | Learned a level 3 spell: Confusing Touch
    42 | D        | Learned a level 3 spell: Dazzling Flash
   157 | D        | Noticed Sigmund
   159 | D        | Killed Sigmund
   160 | D        | Reached skill level 15 in Stealth
   160 | D        | Reached skill level 10 in Hexes
   160 | D        | Reached XP level 5. HP: 24/24 MP: 10/10
   160 | D        | Reached XP level 6. HP: 28/28 MP: 11/11
   173 | D        | Found an ornate altar of the Wu Jian Council.
   173 | D        | Found a shimmering blue altar of Sif Muna.
   175 | D        | Found a radiant altar of Vehumet.
   212 | D        | Found Parinn's Book Emporium.
   212 | D        | Found an ancient bone altar of Kikubaaqudgha.
   212 | D        | Found a hazy altar of Hepliaklqana.
   212 | D        | Found a stormy altar of Qazlal.
   212 | D        | Found a hide-covered altar of Uskayaw.
   212 | D        | Found a blossoming altar of Fedhas.
   212 | D        | Found a bloodstained altar of Trog.
   212 | D        | Found an iron altar of Okawaru.
   212 | D        | Found a basalt altar of Yredelemnul.
   212 | D        | Found a glowing golden altar of the Shining One.
   212 | D        | Found a snail-covered altar of Cheibriados.
   212 | D        | Found a sacrificial altar of Ru.
   212 | D        | Found a glowing silver altar of Zin.
   212 | D        | Found a shadowy altar of Dithmenos.
   212 | D        | Found a white marble altar of Elyvilon.
   212 | D        | Noticed a yak
   218 | D        | Killed a yak
   221 | D        | Found an opulent altar of Gozag.
   222 | D        | Found a sparkling altar of Nemelex Xobeh.
   228 | D        | Became a worshipper of Dithmenos the Shadowed
   235 | D        | Bought a book of Transmutation for 280 gold pieces
   246 | D        | Found a viscous altar of Jiyva.
   246 | D        | Found a corrupted altar of Lugonu.
   246 | D        | Noticed a slime creature
   247 | D        | Found a burning altar of Makhleb.
   247 | D        | Found a shimmering altar of Xom.
   249 | D        | Killed a slime creature
   250 | D        | Reached skill level 5 in Spellcasting
   250 | D        | Reached XP level 7. HP: 32/32 MP: 9/16
   499 | D        | Noticed a centaur warrior
   500 | D        | Noticed a centaur warrior
   501 | D        | Killed a centaur warrior
   502 | D        | Reached XP level 8. HP: 36/36 MP: 16/19
   502 | D        | Killed a centaur warrior
   502 | D        | Reached * piety under Dithmenos
   503 | D        | Reached skill level 5 in Earth Magic
   504 | D        | Noticed a hornet
   507 | D        | Killed a hornet
   510 | D        | Noticed an oklob plant
   512 | D        | Killed an oklob plant
   513 | D        | Reached skill level 5 in Conjurations
   513 | D        | Reached XP level 9. HP: 39/39 MP: 17/20
   518 | D        | Reached ** piety under Dithmenos
   532 | D        | Noticed an unseen horror
   533 | D        | Noticed an unseen horror
   536 | D        | Killed an unseen horror
   542 | D        | Killed an unseen horror
   542 | D        | Reached *** piety under Dithmenos
   550 | D        | Reached **** piety under Dithmenos
   559 | D        | Reached ***** piety under Dithmenos
   607 | D        | Reached XP level 10. HP: 28/44 MP: 4/21
   839 | D        | Got Matecsuf's Lessons on the Combative Volcano
   845 | D        | Learned a level 4 spell: Petrify
   851 | D        | Learned a level 5 spell: Irradiate
   858 | D        | Found Xoonik's General Store.
   858 | D        | Found Suxke's Weapon Shop.
   858 | D        | Found Qetaw's Jewellery Boutique.
   860 | D        | Found Xiuwi's General Store.
   860 | D        | Found Koharoud's Weapon Shop.
   860 | D        | Found Tuoschuf's Assorted Antiques.
   860 | D        | Found Xerphem's Magic Scroll Boutique.
   860 | D        | Found Vasiroc's Assorted Antiques.
   860 | D        | Found Widdidyn's Book Shop.
   860 | D        | Found Voosoff's Book Shoppe.
   864 | D        | Found Daah's Assorted Antiques.
   865 | D        | Found Yniukhla's General Store.
   865 | D        | Found Kuup's General Store.
   866 | D        | Found Vevao's Antique Weapon Emporium.
   914 | D        | Noticed a deep troll
   916 | D        | Killed a deep troll
   917 | D        | Reached skill level 10 in Short Blades
   917 | D        | Reached skill level 10 in Alchemy
   928 | D        | Found Mazoh's Armour Emporium.
   942 | D        | Noticed Sonja
   945 | D        | Killed Sonja
   959 | D        | Found Cool's Distillery.
  1022 | D        | Bought a ring of protection from fire for 325 gold pieces
  1066 | D        | Reached skill level 1 in Fighting
  1067 | D        | Reached ****** piety under Dithmenos
  1081 | D        | Noticed a demonic crawler
  1081 | D        | Noticed a demonic crawler
  1081 | D        | Noticed a demonic crawler
  1081 | D        | Noticed a demonic crawler
  1083 | D        | Killed a demonic crawler
  1084 | D        | Slain by a demonic crawler

Illustrated notes

Levels and vault maps discovered:
D:        dungeon_sprint_1 [red_sonja_temple_1, red_sonja_temple_small_1]

Skill      XL: |  1  2  3  4  5  6  7  8  9 10 |
---------------+-------------------------------+-----
Stealth        | 10 14 15 | 15.0
Hexes          | 10 14 | 14.0
Spellcasting   | 5 7 |  7.0
Short Blades   | 4 7 9 10 | 10.0
Conjurations   | 3 5 6 8 |  8.2
Earth Magic    | 3 6 7 9 |  9.7
Alchemy        | 4 7 9 11 | 11.4
Fighting       | 2 |  2.8
Dodging        | |  2.6

Action                     |  1- 3 |  4- 6 |  7- 9 | 10-12 || total
---------------------------+-------+-------+-------+-------++-------
  Melee: Dagger            |    20 |     5 |    42 |     7 ||    74
   Cast: Ensorcelled Hiber |       |     2 |     4 |     1 ||     7
         Confusing Touch   |       |       |     5 |       ||     5
         Irradiate         |       |       |       |     1 ||     1
    Use: Potion            |     1 |       |     1 |       ||     2
         Scroll            |       |       |     1 |       ||     1
   Stab: Sleeping          |     1 |     4 |    18 |     7 ||    30
         Confused          |       |       |     4 |       ||     4
 Armour: Robe              |       |     1 |     6 |     5 ||    12
  Dodge: Dodged            |    16 |     1 |    12 |     4 ||    33

Table legend: (Time is in decaauts)
 A = Elapsed time spent in this place.
 B = Non-inter-level travel time spent in this place.
 C = Inter-level travel time spent in this place.
 D = Time resting spent in this place.
 E = Time spent auto-exploring this place.
 F = Levels seen in this place.
 G = Mean time per level.
                   A        B        C        D        E       F      G
               +--------+--------+--------+--------+--------+-----+--------+
         Total |    919 |    874 |     45 |    508 |      0 |   1 |  919.0 |
       Dungeon |    919 |    874 |     45 |    508 |      0 |   1 |  919.0 |
               +--------+--------+--------+--------+--------+-----+--------+

Top non-repeatable levels by time:
       D: 919 daAuts
